 Dungeon Crawl Stone Soup version 0.24.0-10-g970556be89 (webtiles) character file.

Game seed: 6916257226773423597, levelgen mode: deterministic

160 LostNumber the Vandal (level 5, -3/36 HPs)
             Began as an Octopode Hunter on Nov 3, 2019.
             Slain by a centaur (9 damage)
             ... on level 3 of the Dungeon.
             The game lasted 00:05:54 (4004 turns).

LostNumber the Vandal (Octopode Hunter)             Turns: 4004, Time: 00:05:55

Health: -3/36      AC:  1    Str: 11    XL:     5   Next: 41%
Magic:  5/5        EV: 13    Int: 13    God:
Gold:   86         SH:  0    Dex: 14    Spells: 2/4 levels left

rFire    . . .     SeeInvis .   b - +0 dagger (venom)
rCold    . . .     Gourm    .   (no shield)
rNeg     . . .     Faith    .   (helmet restricted)
rPois    .         Spirit   .   (no amulet)
rElec    .         Reflect  .   (no ring)
rCorr    .         Harm     .   (no ring)
MR       .....                  (no ring)
Stlth    +++.......             (no ring)
HPRegen  0.12/turn              (no ring)
MPRegen  0.09/turn              (no ring)
                                (no ring)
                                (no ring)

@: no status effects
A: almost no armour, stealthy swim, amphibious, 8 rings, constrict 8, camouflage
1, gelatinous body 1
a: no special abilities


You were on level 3 of the Dungeon.
You were hungry.

You visited 1 branch of the dungeon, and saw 4 of its levels.

You collected 86 gold pieces.

Inventory:

Hand Weapons
 a - a +1 hunting sling
 b - a +0 dagger of venom (weapon)
   (You took it off a goblin on level 3 of the Dungeon)
 k - a +2 vampiric war axe {!w}
   (You found it on level 2 of the Dungeon)
 q - a +0 short sword
Missiles
 c - 19 sling bullets
 o - 26 stones (quivered)
 s - 2 throwing nets {!f}
Jewellery
 h - a cursed ring of teleportation {unknown}
   (You found it on level 1 of the Dungeon)
Scrolls
 d - 2 scrolls of identify {unknown}
 f - a scroll of remove curse {unknown}
 g - 2 scrolls of immolation {unknown}
 l - a scroll of teleportation {unknown}
 r - 2 scrolls of magic mapping {unknown}
Potions
 i - 2 potions of heal wounds {unknown}
 m - a potion of degeneration {unknown}
 n - a potion of curing {unknown}
 p - a potion of magic {unknown}
Comestibles
 e - 8 rations {!d}


   Skills:
 + Level 3.1 Fighting
 * Level 5.4 Slings
 - Level 2.0 Dodging
 + Level 3.6 Stealth


You had 2 spell levels left.
You knew the following spells:

 Your Spells              Type           Power        Failure   Level  Hunger
b - Blink                 Tloc           N/A          43%         2    ###....

Your spell library contained the following spells:

 Spells                   Type           Power        Failure   Level  Hunger
 Magic Dart               Conj           #...         30%         1    ##.....
 Call Imp                 Summ           #.......     43%         2    ###....
 Slow                     Hex            #.......     43%         2    ###....
 Conjure Flame            Conj/Fire      #.......     67%         3    ####...
 Mephitic Cloud           Conj/Pois/Air  #.......     67%         3    ####...


Dungeon Overview and Level Annotations

Branches:
Dungeon (4/15)
 Temple: D:4-7

Altars:
Elyvilon
Fedhas
Uskayaw
Zin
The Shining One


Innate Abilities, Weirdness & Mutations

You cannot wear most types of armour.
You are very stealthy in the water. (Stealth+)
You are amphibious.
You can wear up to eight rings at the same time.
You can use your tentacles to constrict eight enemies at once.
Your skin changes colour to match your surroundings (Stealth+).
Your rubbery body absorbs attacks. (AC +1, EV +1)


Message History

The helpless leopard gecko skeleton fails to defend itself.
You puncture the leopard gecko skeleton!
You destroy the leopard gecko skeleton!
No target in view!
No target in view!
You are feeling hungry.
Found a stone staircase leading up.
Found a stone staircase leading down.
A ball python comes into view.
There is a stone staircase leading up here.
You climb upwards.
There is a stone staircase leading down here.
Search for what [? for help]?
Okay, then.
Unknown command.
(D) Dungeon
Where to? (Enter - D:4 @ (x,y), ? - help)
Okay, then.
Unknown command.
Unknown command.
Level map cleared.
The centaur is too close now for your liking.
A centaur is nearby!
A centaur is nearby!
The centaur shouts!
The centaur hits you.
You hit the centaur but do no damage.
The centaur is poisoned.
You squeeze the centaur, but do no damage.
You hit the centaur but do no damage.
You squeeze the centaur, but do no damage.
The centaur barely misses you. The centaur misses you.
You hit the centaur. The centaur hits you.
You hit the centaur.
The centaur looks even sicker.
The centaur misses you. The centaur hits you!
You hit the centaur but do no damage.
The centaur looks as sick as possible!
The centaur barely misses you.
You hit the centaur but do no damage.
The centaur looks as sick as possible!
The centaur hits you. The centaur barely misses you.
You hit the centaur.
The centaur looks as sick as possible!
You squeeze the centaur, but do no damage.
The centaur closely misses you.
You closely miss the centaur. The centaur hits you.
* * * LOW HITPOINT WARNING * * *
The centaur hits you!
* * * LOW HITPOINT WARNING * * *
You hit the centaur but do no damage.
The centaur looks as sick as possible!
The centaur hits you.
* * * LOW HITPOINT WARNING * * *
You barely miss the centaur. The centaur hits you!
You die...

*,* ***'*****,* *,* *,*
#......*#.#****,* *,*
#......*#.#,,,,,*
*'****#......##.#,*****
,,,,,,..........#,*
,,,,,,,......(..#,***************
,,,,,,,,#'#.....#,,,,,,,,,,,,,,,*
,,,,,,,,#.'.....########******,**
,,,,,,,,**#.....@c......,*,,,*,*
,,,,,,,,* #....#########.#,*,*,*
,,,,,,,,* #............#.#,*,*,*
,,,,,,,,* ###'#.######.#.#.#,*,*
,,,,,,,,* #.#.#<,,,#.#.#.#.#,*
,,,,,,,,* #.#.#,,,,#.#.#.#.#,*
,,******* #.#.#.####.#.#.#.#,*
*,**********#.#.#......#.#.#.#,*
,,,,,,,,,,,,............>#.#.#,*


You could see a centaur.

Vanquished Creatures
  4 gnolls (D:3)
  3 adders
  An ooze (D:1)
  A dart slug (D:1)
  3 leopard geckos
  8 orcs
  2 ball pythons (D:1)
  3 giant cockroaches
  7 goblins
  10 hobgoblins
  4 jackals (D:1)
  2 quokkas (D:2)
  8 bats
  7 frilled lizards
  5 kobolds
  A leopard gecko skeleton (D:4)
  10 rats
79 creatures vanquished.

Notes
Turn   | Place    | Note
-------+----------+-------------------------------------------
     0 | D:1      | LostNumber the Octopode Hunter began the quest for the Orb.
     0 | D:1      | Reached XP level 1. HP: 14/14 MP: 1/1
   277 | D:1      | Reached XP level 2. HP: 19/19 MP: 2/2
   702 | D:1      | Reached XP level 3. HP: 23/25 MP: 3/3
   976 | D:2      | Noticed a +0 hand axe
   976 | D:2      | Noticed an ice beast
   976 | D:2      | Noticed a +0 dagger
  1580 | D:2      | Found a white marble altar of Elyvilon.
  2045 | D:2      | Found a hide-covered altar of Uskayaw.
  2052 | D:2      | Learned a level 2 spell: Blink
  2137 | D:2      | Reached XP level 4. HP: 26/30 MP: 4/4
  2200 | D:2      | Found a blossoming altar of Fedhas.
  2255 | D:2      | Found a glowing silver altar of Zin.
  2308 | D:3      | Reached skill level 5 in Slings
  2380 | D:3      | Found a glowing golden altar of the Shining One.
  2974 | D:3      | Noticed a centaur
  3169 | D:3      | Reached XP level 5. HP: 28/36 MP: 5/5
  4004 | D:3      | Slain by a centaur

Levels and vault maps discovered:
D:1:      kennysheep_arrival_forest, layout_loops_cross,
          ebering_dispersal_statue_hall
D:2:      layout_rooms, fedhas_altar_fruit_tree, lemuel_coloured_pillars_altar,
          elyvilon_altar_5, dancing_weapons_uskayaw
D:3:      layout_basic, tso_metal_star
D:4:      layout_basic, cheibriados_altar_1, uniq_robin

Skill      XL: |  1  2  3  4  5 |
---------------+----------------+-----
Stealth        | 2 3 |  3.6
Slings         | 5 |  5.4
Fighting       | 3 |  3.1
Dodging        | |  2.0

Action                   |  1- 3 |  4- 6 || total
-------------------------+-------+-------++-------
Melee: Short sword       |    65 |       ||    65
       Tentacles         |    15 |    17 ||    32
       Constrict         |    23 |    18 ||    41
       War axe           |    16 |    25 ||    41
       Dagger            |       |    53 ||    53
 Fire: Hunting sling     |     5 |       ||     5
 Stab: Sleeping          |    10 |     7 ||    17
       Distracted        |       |     1 ||     1
  Eat: Chunk             |     4 |     5 ||     9
Armor: Skin              |    11 |     7 ||    18
Dodge: Dodged            |    57 |    37 ||    94
